 Dungeon Crawl Stone Soup version 0.19.0-2-gae57169 (webtiles) character file.

99 dobroeutro the Skirmisher (level 4, -2/29 HPs)
             Began as a Gargoyle Fighter on Nov 5, 2016.
             Was an Initiate of Okawaru.
             Slain by a gnoll
             ... wielding a +0 flail
              (5 damage)
             ... on level 2 of the Dungeon.
             The game lasted 00:01:50 (1763 turns).

dobroeutro the Skirmisher (Gargoyle Fighter)        Turns: 1763, Time: 00:01:51

Health: -2/29      AC: 11    Str: 21    XL:     4   Next: 72%
Magic:  4/4        EV:  7    Int:  8    God:    Okawaru [......]
Gold:   176        SH:  9    Dex:  9    Spells: 0 memorised, 3 levels left

rFire  . . .     SeeInvis .     a - +0 flail
rCold  . . .     Gourm    .     b - +0 scale mail
rNeg   + . .     Faith    .     c - +0 shield
rPois  ∞         Spirit   .     (no helmet)
rElec  +         Reflect  .     t - +0 cloak
rCorr  .         Harm     .     (no gloves)
MR     .....                    (no boots)
Stlth  ..........               r - amulet of inaccuracy (curse)
                                (no ring)
                                (no ring)

@: no status effects
A: negative energy resistance 1, electricity resistance, unbreathing,
petrification resistance, rot immunity, AC +3
a: Renounce Religion


You were on level 2 of the Dungeon.
You worshipped Okawaru.
Okawaru was noncommittal.
You were hungry.

You visited 1 branch of the dungeon, and saw 3 of its levels.

You collected 176 gold pieces.

Inventory:

Hand Weapons
 a - a +0 flail (weapon)
Armour
 b - a +0 scale mail (worn)
 c - a +0 shield (worn)
 t - a +0 cloak (worn)
Jewellery
 r - a cursed amulet of inaccuracy (around neck)
Scrolls
 e - 3 scrolls of identify
 g - a scroll of fog {unknown}
 i - a scroll of enchant weapon {unknown}
 k - 2 scrolls of amnesia {unknown}
 l - a scroll of magic mapping {unknown}
 q - a scroll of fear {unknown}
 s - a scroll of teleportation {unknown}
Potions
 d - a potion of might
 h - a potion of mutation {unknown}
 m - a potion of curing {unknown}
 n - a potion of lignification {unknown}
 o - 2 potions of cancellation {unknown}
Comestibles
 f - 5 bread rations
 j - 2 meat rations
 u - a slice of pizza


   Skills:
 + Level 4.1 Fighting
 * Level 4.1 Maces & Flails
 - Level 3.2 Armour
 - Level 3.2 Shields


You had 3 spell levels left.
You didn't know any spells.

Dungeon Overview and Level Annotations

Branches:
Dungeon (3/15)

Altars:
Okawaru
Ru


Innate Abilities, Weirdness & Mutations

You are resistant to torment.
Your stone body is resilient. (AC +3)
You are immune to poison.
You resist negative energy. (rN+)
You are resistant to electric shocks. (rElec)
You can survive without breathing.
You are immune to petrification.
You are immune to rotting.


Message History

The gnoll hits you with a flail!
* * * LOW HITPOINT WARNING * * *
You are too injured to fight recklessly!
You are too injured to fight recklessly!
You are too injured to fight recklessly!
You are too injured to fight recklessly!
You are too injured to fight recklessly!
You are too injured to fight recklessly!
You are too injured to fight recklessly!
You are too injured to fight recklessly!
You are too injured to fight recklessly!
You are too injured to fight recklessly!
You are too injured to fight recklessly!
You are too injured to fight recklessly!
You are too injured to fight recklessly!
You are too injured to fight recklessly!
You are too injured to fight recklessly!
You are too injured to fight recklessly!
The gnoll hits you with a flail.
You die...

......#.#####..#..#..###.#.##..#.
.#.#.............................
.#.##.#.#####..#...............#.
...##.#..........................
.#.##.#.(####..#..#........#...#.
...............#..)............#.
.#.##.#........#.................
.#.##..........#..#..##.##.......
.#.####.#......#@....#...#.....#.
.#.####.#.#....#gg#............#.
........#.#....##)#...._.........
.#.######.......>................
##..............g....#...#.......
#.########.......#..##.##.#.....
#.............##.#..............
##.########......................
#...# #...................#..


You could see 2 gnolls.

Vanquished Creatures
  Jessica (D:2)
  A gnoll (D:2)
  An adder (D:2)
  A worm (D:2)
  4 dart slugs
  2 leopard geckos
  3 bats (D:1)
  3 goblins (D:1)
  6 hobgoblins
  4 jackals (D:2)
  5 kobolds
  4 frilled lizards
  5 rats (D:1)
40 creatures vanquished.

Notes
Turn   | Place    | Note
-------+----------+-------------------------------------------
     0 | D:1      | dobroeutro the Gargoyle Fighter began the quest for the Orb.
     0 | D:1      | Reached XP level 1. HP: 14/14 MP: 1/1
    97 | D:1      | Reached XP level 2. HP: 19/19 MP: 2/2
   526 | D:1      | Reached XP level 3. HP: 23/23 MP: 3/3
   858 | D:2      | Found a sacrificial altar of Ru.
  1288 | D:2      | Noticed Jessica
  1297 | D:2      | Killed Jessica
  1297 | D:2      | Reached XP level 4. HP: 28/29 MP: 4/4
  1374 | D:2      | Found an iron altar of Okawaru.
  1387 | D:2      | Became a worshipper of Warmaster Okawaru
  1763 | D:2      | Slain by a gnoll

Skill      XL: |  1  2  3  4 |
---------------+-------------+-----
Maces & Flails | 3 4 |  4.1
Fighting       | 4 |  4.1
Armour         | |  3.2
Shields        | |  3.2

Action                   |  1- 3 |  4- 6 || total
-------------------------+-------+-------++-------
Melee: Flail             |   102 |    48 ||   150
  Use: Scroll            |     2 |       ||     2
  Eat: Chunk             |     1 |     1 ||     2
Armor: Scale mail        |    62 |    26 ||    88
Dodge: Dodged            |    36 |    10 ||    46
Block: Shield            |    59 |    27 ||    86
